Map: Cyber Forest LE

Players

HuShang

  • Race: Zerg Zerg
  • League: Master
  • Spawn Location: 5:00

A.I. 2 (Very Easy) - Winner!

  • Race: Terran Terran
  • Spawn Location: 11:00

VOD

Have the link to the VOD?

Description

Time

  • Played on: May 1, 2019, 11:05 a.m.
  • Length: 19:41
Show
View Real Time Build Order
Export as new Build Order

HuShang Zerg 

Build Orders: Hatch First, Roach Hydra 

Get SALT Encoding   

  12  0:01  Drone  
  13  0:14  Overlord  
  13  0:18  Drone  
  14  0:34  Drone x2  
  16  0:48  Hatchery  
  15  0:52  Drone  
  15  0:55  Drone  
  17  0:59  Drone  
  17  1:02  Extractor  
  17  1:16  Spawning Pool  
  16  1:18  Drone  
  16  1:21  Drone  
  18  1:29  Drone  
  19  1:51  Overlord  
  19  2:04  Metabolic Boost  
  19  2:07  Queen x2  
  23  2:11  Zergling x4  
  23  2:12  Zergling x2  
  26  2:28  Drone x3  
  26  2:29  Drone  
  30  2:39  Hatchery  
  29  2:54  Queen  
  29  2:56  Overlord  
  29  2:58  Drone x2  
  33  2:59  Drone  
  33  3:02  Drone  
  33  3:05  Drone  
  36  3:09  Overlord  
  35  3:17  Drone x3  
  35  3:18  Drone  
  39  3:20  Drone  
  39  3:22  Drone  
  39  3:24  Drone  
  42  3:30  Queen  
  44  3:39  Drone  
  45  3:42  Overlord  
  45  3:52  Drone  
  45  3:53  Drone x8  
  54  4:03  Queen  
  54  4:06  Queen  
  58  4:15  Baneling Nest, Overlord x2  
  57  4:17  Overlord  
  57  4:29  Lair  
  57  4:30  Drone  
  58  4:55  Drone x2  
  58  4:56  Drone x7  
  58  4:58  Drone  
  58  4:59  Drone x2  
  70  5:01  Extractor x2, Drone  
  70  5:02  Drone x6  
  70  5:03  Extractor  
  74  5:19  Spore Crawler  
  73  5:27  Extractor  
  72  5:29  Extractor  
  72  5:35  Roach Warren  
  70  5:38  Evolution Chamber  
  70  5:39  Evolution Chamber  
  70  5:41  Hatchery, Drone x4  
  70  5:42  Drone  
  72  5:43  Drone x7  
  72  5:45  Spore Crawler  
  72  5:47  Spore Crawler  
  77  6:01  Drone  
  77  6:02  Drone  
  77  6:03  Drone  
  80  6:05  Zerg Missile Weapons Level 1, Zerg Ground Armor Level 1  
  80  6:07  Overlord x4  
  80  6:27  Glial Reconstitution  
  80  6:30  Roach x14  
  108  6:35  Hydralisk Den  
  108  6:38  Infestation Pit  
  106  7:08  Grooved Spines  
  106  7:15  Hive  
  106  7:45  Drone x14  
  106  7:49  Overlord x2  
  106  7:50  Overlord x4  
  120  8:17  Zerg Missile Weapons Level 2, Zerg Ground Armor Level 2  
  120  8:19  Muscular Augments, Hydralisk  
  120  8:20  Hydralisk x11  
  120  8:21  Hatchery, Hydralisk x6  
  120  8:24  Overlord x2  
  120  8:25  Overlord x3  
  155  8:40  Viper x3  
  164  8:51  Extractor x2  
  162  9:05  Roach  
  162  9:06  Roach x17  
  198  9:36  Spire  
  149  10:33  Hydralisk  
  149  10:34  Hydralisk x24  
  149  10:35  Hydralisk x6  
  199  10:36  Hydralisk x2  
  199  10:37  Hydralisk  
  197  11:01  Zerg Missile Weapons Level 3, Zerg Ground Armor Level 3  
  197  11:06  Extractor x2  
  194  12:07  Hydralisk  
  194  12:08  Hydralisk x2  
  200  12:10  Greater Spire  
  200  12:13  Adrenal Glands  
  200  12:14  Ultralisk Cavern  
  199  12:23  Tunneling Claws  
  199  12:26  Burrow  
  198  13:37  Pneumatized Carapace  
  198  13:38  Zerg Melee Weapons Level 1  
Show
View Real Time Build Order
Export as new Build Order

A.I. 2 (Very Easy) Terran - Winner!

Build Orders: Reaper Expand 

Get SALT Encoding   

  12  0:00  SCV  
  13  0:13  SCV  
  14  0:18  Supply Depot  
  14  0:40  Barracks  
  14  1:03  Command Center  
  14  1:27  Orbital Command  
  14  1:28  Marine  
  14  1:31  Supply Depot  
  15  1:37  Refinery  
  15  1:50  Refinery  
  15  1:52  SCV  
  16  2:05  SCV  
  17  2:17  SCV  
  17  2:18  Reaper, SCV  
  20  2:29  SCV  
  21  2:33  SCV  
  22  2:40  Refinery  
  22  2:41  SCV  
  23  2:47  SCV  
  24  2:54  SCV  
  25  3:01  SCV  
  25  3:02  Marine  
  27  3:09  SCV  
  28  3:16  Factory, SCV  
  29  3:40  Refinery  
  29  3:42  SCV  
  29  3:46  Marine  
  31  3:49  SCV  
  31  3:54  Supply Depot  
  32  3:56  SCV  
  33  4:03  SCV  
  33  4:04  Starport  
  34  4:10  SCV  
  35  4:17  SCV  
  36  4:24  SCV  
  36  4:31  Marine  
  38  4:32  SCV  
  38  4:36  Supply Depot  
  39  4:39  SCV  
  39  4:41  Starport Tech Lab  
  40  4:46  SCV  
  41  4:53  SCV  
  42  5:00  Raven  
  42  5:01  SCV  
  45  5:08  SCV  
  46  5:15  SCV, Marine  
  48  5:40  SCV  
  48  5:43  Raven  
  50  5:59  Reaper  
  51  6:10  SCV  
  51  6:33  Barracks Tech Lab  
  51  6:39  SCV  
  51  6:51  Marauder  
  53  11:12  Medivac  
  53  11:13  Marauder  
  53  11:15  Supply Depot  
  56  11:30  SCV  
  57  11:35  Marauder  
  58  11:42  Medivac  
  47  11:55  Marine  
  48  12:12  Raven  
  48  12:13  Command Center, Marine  
  51  12:32  Marauder  
  52  12:52  Marine  
  52  12:55  Raven  
  55  13:04  Command Center  
  55  13:10  Marine  
  56  13:25  SCV  
  57  13:28  Marine  
  57  13:32  SCV  
  59  13:38  Raven  
Tags
 
Add a new tag
Caveats
  • Supply blocks, unpowered buildings, or Contaminate may cause inaccurate times.
  • Supply counts are checked every 10 seconds.